| TOP OF THE 1ST |
|
Madison Brewers batting - Pitching for Americus Braves : RHP Scott Spillman
|
|
Pitching: RHP Scott Spillman
|
|
|
Batting: LHB Steven Donovan
|
0-0: Called Strike 0-1: Called Strike 0-2: Ball 1-2: Foul Ball, location: 2F 1-2: Strikes out swinging
|
|
Batting: RHB Alfredo Sena
|
0-0: Foul Ball, location: 2F 0-1: Ball 1-1: Ball 2-1: Foul Ball, location: 2F 2-2: Ball 3-2: Strikes out looking
|
|
Batting: SHB Aaron Neill
|
0-0: Ball 1-0: Ball 2-0: SINGLE (Line Drive, 34, EV 100.0 MPH)
|
|
Batting: SHB Jerry Duffy
|
0-0: Ball 1-0: Ball 2-0: Called Strike 2-1: Ball 3-1: Foul Ball, location: 2F 3-2: Strikes out looking
|
| Top of the 1st over - 0 runs, 1 hit, 0 errors, 1 left on base; Madison 0 - Americus 0 |
| BOTTOM OF THE 1ST |
|
Americus Braves batting - Pitching for Madison Brewers : LHP Mike Moffett
|
|
Pitching: LHP Mike Moffett
|
|
|
Batting: RHB Joe Young
|
0-0: Called Strike 0-1: Ball 1-1: Ball 2-1: Called Strike 2-2: Strikes out swinging
|
|
Batting: LHB Erik Gretzky
|
0-0: Called Strike 0-1: Ball 1-1: Foul Ball, location: 2F 1-2: Foul Ball, location: 2F 1-2: Fly out, F8 (Flyball, 89D, EV 101.3 MPH)
|
|
Batting: RHB Hisayuki Akiyama
|
0-0: Fly out, F7 (Flyball, 7S, EV 89.4 MPH)
|
| Bottom of the 1st over - 0 runs, 0 hits, 0 errors, 0 left on base; Madison 0 - Americus 0 |
| TOP OF THE 2ND |
|
Madison Brewers batting - Pitching for Americus Braves : RHP Scott Spillman
|
|
Batting: RHB Chris Riddel
|
0-0: Called Strike 0-1: Ball 1-1: Ball 2-1: Ball 3-1: Called Strike 3-2: Foul Ball, location: 2F 3-2: Reached on error, E6 (Groundball, 6, EV 86.3 MPH)
|
|
Batting: SHB Ramon Perez
|
0-0: Ball 1-0: Ball 2-0: Ball 3-0: Called Strike 3-1: Swinging Strike 3-2: Strikes out swinging
|
|
Batting: RHB Drew Forbess
|
0-0: Fly out, F5 (Line Drive, 5, EV 68.8 MPH)
|
|
Batting: RHB Herb McIntyre
|
0-0: Reached on error, E5 (Groundball, 5, EV 100.0 MPH) Chris Riddel to third
|
|
Batting: RHB Justin Marino
|
0-0: SINGLE (Line Drive, 7S, EV 94.4 MPH) Chris Riddel scores Herb McIntyre to second
|
|
Batting: LHB Steven Donovan
|
0-0: Ball 1-0: Swinging Strike 1-1: Ball 2-1: Ball 3-1: Base on Balls Herb McIntyre to third Justin Marino to second
|
|
Batting: RHB Alfredo Sena
|
0-0: Ball 1-0: Ground out 1-3 (Groundball, 13S, EV 66.3 MPH)
|
| Top of the 2nd over - 1 run, 1 hit, 2 errors, 3 left on base; Madison 1 - Americus 0 |
| BOTTOM OF THE 2ND |
|
Americus Braves batting - Pitching for Madison Brewers : LHP Mike Moffett
|
|
Batting: SHB Jose Melendez
|
0-0: Ball 1-0: Foul Ball, location: 2F 1-1: Foul Ball, location: 2F 1-2: Ball 2-2: Fly out, F8 (Flyball, 8LS, EV 92.5 MPH)
|
|
Batting: RHB Gerard Michel
|
0-0: Foul Ball, location: 2F 0-1: Ball 1-1: Ball 2-1: Called Strike 2-2: Foul Ball, location: 2F 2-2: Ball 3-2: Strikes out looking
|
|
Batting: SHB Jordan Barragan
|
0-0: Ground out 5-3 (Groundball, 5, EV 91.9 MPH)
|
| Bottom of the 2nd over - 0 runs, 0 hits, 0 errors, 0 left on base; Madison 1 - Americus 0 |
| TOP OF THE 3RD |
|
Madison Brewers batting - Pitching for Americus Braves : RHP Scott Spillman
|
|
Batting: SHB Aaron Neill
|
0-0: Swinging Strike 0-1: Swinging Strike 0-2: Strikes out looking
|
|
Batting: SHB Jerry Duffy
|
0-0: Called Strike 0-1: Foul Ball, location: 2F 0-2: Ball 1-2: Ball 2-2: Ball 3-2: Strikes out looking
|
|
Batting: RHB Chris Riddel
|
0-0: Called Strike 0-1: Ball 1-1: Foul Ball, location: 2F 1-2: Fly out, F3 (Popup, 3SF, EV 72.5 MPH)
|
| Top of the 3rd over - 0 runs, 0 hits, 0 errors, 0 left on base; Madison 1 - Americus 0 |
| BOTTOM OF THE 3RD |
|
Americus Braves batting - Pitching for Madison Brewers : LHP Mike Moffett
|
|
Batting: RHB Terry Hughes
|
0-0: Ball 1-0: Ball 2-0: SOLO HOME RUN (Flyball, 9D, EV 99.4 MPH), Distance : 372 ft
|
|
Batting: LHB Andres Aldape
|
0-0: Ball 1-0: Called Strike 1-1: Swinging Strike 1-2: Foul Ball, location: 2F 1-2: Ball 2-2: Foul Ball, location: 2F 2-2: Ball 3-2: Strikes out swinging
|
|
Batting: RHB Phil Holman
|
0-0: Fly out, F7 (Flyball, 7S, EV 90.6 MPH)
|
|
Batting: RHB Joe Young
|
0-0: Called Strike 0-1: Ball 1-1: Fly out, F9 (Flyball, 9, EV 77.5 MPH)
|
| Bottom of the 3rd over - 1 run, 1 hit, 0 errors, 0 left on base; Madison 1 - Americus 1 |
| TOP OF THE 4TH |
|
Madison Brewers batting - Pitching for Americus Braves : RHP Scott Spillman
|
|
Batting: SHB Ramon Perez
|
0-0: Called Strike 0-1: Ball 1-1: Ball 2-1: Ball 3-1: Base on Balls
|
|
Batting: RHB Drew Forbess
|
0-0: Ball 1-0: Ball 2-0: Called Strike 2-1: Grounds into double play, 6-4-3 (Groundball, 6, EV 83.8 MPH)
|
|
Batting: RHB Herb McIntyre
|
0-0: Foul Ball, location: 2F 0-1: Ball 1-1: Foul Ball, location: 2F 1-2: Ground out 5-3 (Groundball, 56, EV 88.1 MPH)
|
| Top of the 4th over - 0 runs, 0 hits, 0 errors, 0 left on base; Madison 1 - Americus 1 |
| BOTTOM OF THE 4TH |
|
Americus Braves batting - Pitching for Madison Brewers : LHP Mike Moffett
|
|
Batting: LHB Erik Gretzky
|
0-0: Called Strike 0-1: Called Strike 0-2: Foul Ball, location: 2F 0-2: Strikes out swinging
|
|
Batting: RHB Hisayuki Akiyama
|
0-0: Ball 1-0: Ball 2-0: Called Strike 2-1: Ball 3-1: Base on Balls
|
|
Batting: SHB Jose Melendez
|
0-0: Ball Hisayuki Akiyama is caught stealing 2nd base 2-4 1-0: Swinging Strike 1-1: Fly out, F7 (Flyball, 7LS, EV 86.9 MPH)
|
| Bottom of the 4th over - 0 runs, 0 hits, 0 errors, 0 left on base; Madison 1 - Americus 1 |
| TOP OF THE 5TH |
|
Madison Brewers batting - Pitching for Americus Braves : RHP Scott Spillman
|
|
Batting: RHB Justin Marino
|
0-0: SINGLE (Line Drive, 89S, EV 103.1 MPH)
|
|
Batting: LHB Steven Donovan
|
0-0: Called Strike 0-1: Swinging Strike 0-2: Ball 1-2: Strikes out swinging
|
|
Batting: RHB Alfredo Sena
|
0-0: Foul Ball, location: 2F 0-1: Ball 1-1: Ball 2-1: Fly out, F7 (Flyball, 7D, EV 101.9 MPH)
|
|
Batting: SHB Aaron Neill
|
0-0: Fly out, F9 (Flyball, 9LS, EV 84.4 MPH)
|
| Top of the 5th over - 0 runs, 1 hit, 0 errors, 1 left on base; Madison 1 - Americus 1 |
| BOTTOM OF THE 5TH |
|
Americus Braves batting - Pitching for Madison Brewers : LHP Mike Moffett
|
|
Batting: RHB Gerard Michel
|
0-0: Called Strike 0-1: Ball 1-1: Foul Ball, location: 2F 1-2: Ball 2-2: Foul Ball, location: 2F 2-2: Foul Ball, location: 2F 2-2: Ball 3-2: Foul Ball, location: 2F 3-2: SINGLE (Line Drive, 5D, EV 102.5 MPH)
|
|
Batting: SHB Jordan Barragan
|
0-0: Ball 1-0: Called Strike 1-1: Called Strike 1-2: Ball 2-2: Foul Ball, location: 2F 2-2: Foul Ball, location: 2F 2-2: Strikes out swinging
|
|
Batting: RHB Terry Hughes
|
0-0: DOUBLE (Groundball, 5L, EV 114.4 MPH) Gerard Michel to third
|
|
Batting: LHB Andres Aldape
|
0-0: SINGLE (Groundball, 6M, EV 108.1 MPH) Gerard Michel scores Terry Hughes to third Runner from 3rd tries for Home, SAFE, throw by CF to home
|
|
Batting: RHB Phil Holman
|
0-0: Foul Ball, location: 2F 0-1: Ball 1-1: Grounds into double play, 6-4-3 (Groundball, 6, EV 89.4 MPH)
|
| Bottom of the 5th over - 2 runs, 3 hits, 0 errors, 0 left on base; Madison 1 - Americus 3 |
| TOP OF THE 6TH |
|
Madison Brewers batting - Pitching for Americus Braves : RHP Scott Spillman
|
|
Batting: SHB Jerry Duffy
|
0-0: SOLO HOME RUN (Flyball, 9LD, EV 93.1 MPH), Distance : 362 ft
|
|
Batting: RHB Chris Riddel
|
0-0: Ball 1-0: Ball 2-0: Ball 3-0: Called Strike 3-1: Base on Balls
|
|
Batting: SHB Ramon Perez
|
0-0: Ball 1-0: Ball 2-0: Ball 3-0: Base on Balls Chris Riddel to second
|
|
Pinch Hitting: LHB Sal Burgos
|
0-0: Fly out, F5 (Popup, 5SF, EV 80.6 MPH)
|
|
Pinch Hitting: SHB Sam Bingham
|
0-0: Called Strike 0-1: Ball 1-1: Ball 2-1: Fielders Choice at 2nd, 1-6 (Groundball, 13S, EV 68.1 MPH) Chris Riddel to third
|
|
Pinch Hitting: LHB Rick Campbell
|
0-0: Ball 1-0: Ball 2-0: Ball 3-0: Called Strike 3-1: Ground out 1-3 (Groundball, 13, EV 77.5 MPH)
|
| Top of the 6th over - 1 run, 1 hit, 0 errors, 2 left on base; Madison 2 - Americus 3 |
| BOTTOM OF THE 6TH |
|
Americus Braves batting - Pitching for Madison Brewers : LHP Mike Moffett
|
|
Now at 1B: Sal Burgos
|
|
|
Now at 2B: Sam Bingham
|
|
|
Now at SS: Rick Campbell
|
|
|
Batting: RHB Joe Young
|
0-0: Hit by Pitch
|
|
Batting: LHB Erik Gretzky
|
0-0: Foul Ball, location: 2F 0-1: Foul Ball, location: 2F 0-2: Foul Ball, location: 2F 0-2: Ball 1-2: Strikes out swinging
|
|
Pitching: RHP Joe Gonzales
|
|
|
Batting: RHB Hisayuki Akiyama
|
0-0: Called Strike 0-1: Ball 1-1: Ball 2-1: Ball 3-1: Called Strike 3-2: Fielders Choice at 2nd, 5-4 (Groundball, 56, EV 85.0 MPH)
|
|
Batting: SHB Jose Melendez
|
0-0: Ball 1-0: Ball Hisayuki Akiyama is caught stealing 2nd base 2-6
|
| Bottom of the 6th over - 0 runs, 0 hits, 0 errors, 0 left on base; Madison 2 - Americus 3 |
| TOP OF THE 7TH |
|
Madison Brewers batting - Pitching for Americus Braves : RHP Scott Spillman
|
|
Batting: LHB Steven Donovan
|
0-0: SINGLE (Groundball, 6MD, EV 106.9 MPH) (infield hit)
|
|
Pinch Hitting: SHB C.J. Olivares
|
0-0: Sac Bunt to P - play at first, batter OUT! 1-4 Steven Donovan to second
|
|
Batting: SHB Aaron Neill
|
0-0: Ball 1-0: Swinging Strike 1-1: Ball 2-1: Called Strike 2-2: Ball 3-2: Foul Ball, location: 2F 3-2: Base on Balls
|
|
Pitching: RHP Greg Hart
|
|
|
Batting: SHB Jerry Duffy
|
0-0: Called Strike 0-1: Fielders Choice at 2nd, 5-4 (Groundball, 5, EV 93.1 MPH) Steven Donovan to third
|
|
Batting: RHB Chris Riddel
|
0-0: Called Strike 0-1: Ball 1-1: Called Strike 1-2: Ball 2-2: Ball 3-2: Foul Ball, location: 2F 3-2: Foul Ball, location: 2F 3-2: Foul Ball, location: 2F 3-2: Strikes out looking
|
| Top of the 7th over - 0 runs, 1 hit, 0 errors, 2 left on base; Madison 2 - Americus 3 |
| BOTTOM OF THE 7TH |
|
Americus Braves batting - Pitching for Madison Brewers : RHP Joe Gonzales
|
|
Pitching: LHP Tony Salazar
|
|
|
Now in CF: Jesus Menjivar
|
|
|
Batting: SHB Jose Melendez
|
0-0: Ball 1-0: Foul Ball, location: 2F 1-1: Foul Ball, location: 2F 1-2: Ball 2-2: Foul Ball, location: 2F 2-2: Ball 3-2: Base on Balls
|
|
Batting: RHB Gerard Michel
|
0-0: Grounds into double play, 4-6-3 (Groundball, 4D, EV 87.5 MPH)
|
|
Batting: SHB Jordan Barragan
|
0-0: Foul Ball, location: 2F 0-1: Foul Ball, location: 2F 0-2: Ball 1-2: Foul Ball, location: 2F 1-2: Ball 2-2: SOLO HOME RUN (Flyball, 9LD, EV 94.4 MPH), Distance : 349 ft
|
|
Batting: RHB Terry Hughes
|
0-0: Ball 1-0: Called Strike 1-1: Foul Ball, location: 2F 1-2: Foul Ball, location: 2F 1-2: Ball 2-2: Foul Ball, location: 2F 2-2: Strikes out swinging
|
| Bottom of the 7th over - 1 run, 1 hit, 0 errors, 0 left on base; Madison 2 - Americus 4 |
| TOP OF THE 8TH |
|
Madison Brewers batting - Pitching for Americus Braves : RHP Greg Hart
|
|
Batting: SHB Ramon Perez
|
0-0: Called Strike 0-1: Ball 1-1: Ball 2-1: Foul Ball, location: 2F 2-2: Fly out, F7 (Flyball, 7LD, EV 98.1 MPH)
|
|
Batting: LHB Sal Burgos
|
0-0: Ball 1-0: Ball 2-0: Fly out, F6 (Popup, 6S, EV 78.8 MPH)
|
|
Batting: SHB Sam Bingham
|
0-0: Ground out U3 (Groundball, 3L, EV 84.4 MPH)
|
| Top of the 8th over - 0 runs, 0 hits, 0 errors, 0 left on base; Madison 2 - Americus 4 |
| BOTTOM OF THE 8TH |
|
Americus Braves batting - Pitching for Madison Brewers : LHP Tony Salazar
|
|
Pitching: LHP Tim Phillips
|
|
|
Batting: LHB Andres Aldape
|
0-0: Called Strike 0-1: Ball 1-1: Foul Ball, location: 2F 1-2: Foul Ball, location: 2F 1-2: Foul Ball, location: 2F 1-2: Reached on error, E5 (Groundball, 56, EV 80.6 MPH)
|
|
Batting: RHB Phil Holman
|
0-0: Ground out 1-3 (Groundball, 34S, EV 72.5 MPH) Andres Aldape to third
|
|
Batting: RHB Joe Young
|
0-0: Intentional Walk
|
|
Batting: LHB Erik Gretzky
|
0-0: Called Strike Joe Young is caught stealing 2nd base 2-6 0-1: Ball 1-1: Ball 2-1: Foul Ball, location: 2F 2-2: Foul Ball, location: 2F 2-2: Ball 3-2: Ground out U3 (Groundball, 34, EV 100.0 MPH)
|
| Bottom of the 8th over - 0 runs, 0 hits, 1 error, 1 left on base; Madison 2 - Americus 4 |
| TOP OF THE 9TH |
|
Madison Brewers batting - Pitching for Americus Braves : RHP Greg Hart
|
|
Pitching: LHP Shingo Miura
|
|
|
Now in CF: George Provance
|
|
|
Batting: LHB Rick Campbell
|
0-0: Called Strike 0-1: Called Strike 0-2: Strikes out looking
|
|
Pinch Hitting: RHB Victor Alarcon
|
0-0: Ball 1-0: Ball 2-0: Ball 3-0: Base on Balls
|
|
Pinch Hitting: RHB Cameron Rattenbury
|
0-0: Called Strike 0-1: Foul Ball, location: 2F 0-2: Foul Ball, location: 2F 0-2: Strikes out swinging
|
|
Batting: SHB Aaron Neill
|
0-0: Ball 1-0: Foul Ball, location: 2F 1-1: Foul Ball, location: 2F 1-2: Fly out, F8 (Flyball, 8LD, EV 103.1 MPH)
|
| Top of the 9th over - 0 runs, 0 hits, 0 errors, 1 left on base; Madison 2 - Americus 4 |
|